TOP OF THE 1ST |
Thunder Bay Northern Lions BC batting - Pitching for Rocky Mountain Nuggets : RHP Nathaniel Riley
|
Pitching: RHP Nathaniel Riley
|
|
Batting: RHB Jesús Orozco
|
0-0: Called Strike 0-1: Foul Ball, location: 2F 0-2: Ball 1-2: Ball 2-2: Ground out U3 (Groundball, 34S)
|
Batting: RHB António Mendoza
|
0-0: Ball 1-0: Foul Ball, location: 2F 1-1: Ball 2-1: Ball 3-1: Ground out 5-3 (Groundball, 56)
|
Batting: RHB Xavier Pérez
|
0-0: Ball 1-0: SINGLE (Groundball, 3D)
|
Batting: RHB Denis Higgins
|
0-0: Ball 1-0: Called Strike 1-1: Called Strike 1-2: Strikes out looking
|
Top of the 1st over - 0 runs, 1 hit, 0 errors, 1 left on base; Thunder Bay 0 - Rocky Mountain 0 |
BOTTOM OF THE 1ST |
Rocky Mountain Nuggets batting - Pitching for Thunder Bay Northern Lions BC : RHP Tyler MacHugh
|
Pitching: RHP Tyler MacHugh
|
|
Batting: RHB Luis Ríos
|
0-0: Called Strike 0-1: Called Strike 0-2: Ball 1-2: Ball 2-2: SINGLE (Flyball, 8RS)
|
Batting: LHB Roberto Salazar
|
0-0: Ball 1-0: SINGLE (Line Drive, 89S) Luis Ríos to second
|
Batting: RHB Andrés Rodríguez
|
0-0: Ball 1-0: Ball 2-0: Swinging Strike 2-1: Swinging Strike 2-2: Fly out, F3 (Popup, 3F)
|
Batting: LHB Javier Sánchez
|
0-0: SINGLE (Groundball, 4D) Luis Ríos to third Roberto Salazar to second Runner from 3rd tries for Home, throw and OUT!
|
Batting: RHB Ludwig Kluge
|
0-0: Fly out, F8 (Flyball, 8LS)
|
Bottom of the 1st over - 0 runs, 3 hits, 0 errors, 2 left on base; Thunder Bay 0 - Rocky Mountain 0 |
TOP OF THE 2ND |
Thunder Bay Northern Lions BC batting - Pitching for Rocky Mountain Nuggets : RHP Nathaniel Riley
|
Batting: SHB Carlos Rodríguez
|
0-0: Fly out, F9 (Flyball, 9S)
|
Batting: RHB Carlos Padilla
|
0-0: Ball 1-0: Swinging Strike 1-1: Ball 2-1: Foul Ball, location: 2F 2-2: Ball 3-2: DOUBLE (Groundball, 5L)
|
Batting: RHB Keith Fish
|
0-0: Ball 1-0: Called Strike 1-1: Ball 2-1: Fly out, F9 (Flyball, 9S)
|
Batting: RHB Gabriel Rodríguez
|
0-0: Ball 1-0: Called Strike 1-1: Foul Ball, location: 2F 1-2: Strikes out swinging
|
Top of the 2nd over - 0 runs, 1 hit, 0 errors, 1 left on base; Thunder Bay 0 - Rocky Mountain 0 |
BOTTOM OF THE 2ND |
Rocky Mountain Nuggets batting - Pitching for Thunder Bay Northern Lions BC : RHP Tyler MacHugh
|
Batting: RHB Wes Shannon
|
0-0: Ball 1-0: Called Strike 1-1: Ball 2-1: Called Strike 2-2: Foul Ball, location: 2F 2-2: Foul Ball, location: 2F 2-2: Ball 3-2: Base on Balls
|
Batting: RHB Travis Newsome
|
0-0: Ball 1-0: Swinging Strike 1-1: Swinging Strike 1-2: Strikes out looking
|
Batting: LHB Willis Baker
|
0-0: Ball 1-0: Foul Ball, location: 2F 1-1: Ball 2-1: Fly out, F9 (Flyball, 9)
|
Batting: RHB Anthony Johnston
|
0-0: SINGLE (Line Drive, 8LS) Wes Shannon to second
|
Batting: RHB Luis Ríos
|
0-0: Ball 1-0: Foul Ball, location: 2F 1-1: Ball 2-1: Ball 3-1: Base on Balls Wes Shannon to third Anthony Johnston to second
|
Batting: LHB Roberto Salazar
|
0-0: Ball 1-0: Ball 2-0: Ground out 3-1 (Groundball, 34S)
|
Bottom of the 2nd over - 0 runs, 1 hit, 0 errors, 3 left on base; Thunder Bay 0 - Rocky Mountain 0 |
TOP OF THE 3RD |
Thunder Bay Northern Lions BC batting - Pitching for Rocky Mountain Nuggets : RHP Nathaniel Riley
|
Batting: RHB Sean Davis
|
0-0: Foul Ball, location: 2F 0-1: Ball 1-1: SINGLE (Groundball, 56S) (infield hit)
|
Batting: RHB Jesús Orozco
|
0-0: Foul Ball, location: 2F 0-1: Swinging Strike 0-2: Ball 1-2: Ball 2-2: DOUBLE (Line Drive, 9LD) Sean Davis to third
|
Batting: RHB António Mendoza
|
0-0: Ball 1-0: Foul Ball, location: 2F 1-1: Swinging Strike 1-2: Ground out 6-3 (Groundball, 6) Sean Davis scores
|
Batting: RHB Xavier Pérez
|
0-0: Called Strike 0-1: Reached on error, E6 (Groundball, 6M) Jesús Orozco to third
|
Batting: RHB Denis Higgins
|
0-0: Called Strike 0-1: Foul Ball, location: 2F 0-2: Fly out, F4 (Popup, 4)
|
Batting: SHB Carlos Rodríguez
|
0-0: Ball 1-0: Fly out, F7 (Flyball, 78M)
|
Top of the 3rd over - 1 run, 2 hits, 1 error, 2 left on base; Thunder Bay 1 - Rocky Mountain 0 |
BOTTOM OF THE 3RD |
Rocky Mountain Nuggets batting - Pitching for Thunder Bay Northern Lions BC : RHP Tyler MacHugh
|
Batting: RHB Andrés Rodríguez
|
0-0: Fly out, F9 (Flyball, 89M)
|
Batting: LHB Javier Sánchez
|
0-0: Foul Ball, location: 2F 0-1: Ball 1-1: Foul Ball, location: 2F 1-2: Ball 2-2: Foul Ball, location: 2F 2-2: Fly out, F7 (Flyball, 7S)
|
Batting: RHB Ludwig Kluge
|
0-0: Foul Ball, location: 2F 0-1: Fly out, F7 (Flyball, 7D)
|
Bottom of the 3rd over - 0 runs, 0 hits, 0 errors, 0 left on base; Thunder Bay 1 - Rocky Mountain 0 |
TOP OF THE 4TH |
Thunder Bay Northern Lions BC batting - Pitching for Rocky Mountain Nuggets : RHP Nathaniel Riley
|
Batting: RHB Carlos Padilla
|
0-0: Ball 1-0: Ball 2-0: Foul Ball, location: 2F 2-1: Ground out 6-3 (Groundball, 6)
|
Batting: RHB Keith Fish
|
0-0: Ball 1-0: Ball 2-0: Ball 3-0: Called Strike 3-1: Foul Ball, location: 2F 3-2: Strikes out swinging
|
Batting: RHB Gabriel Rodríguez
|
0-0: Fly out, F9 (Flyball, 9LD)
|
Top of the 4th over - 0 runs, 0 hits, 0 errors, 0 left on base; Thunder Bay 1 - Rocky Mountain 0 |
BOTTOM OF THE 4TH |
Rocky Mountain Nuggets batting - Pitching for Thunder Bay Northern Lions BC : RHP Tyler MacHugh
|
Batting: RHB Wes Shannon
|
0-0: Ball 1-0: Fly out, F8 (Flyball, 8LD)
|
Batting: RHB Travis Newsome
|
0-0: Ball 1-0: Foul Ball, location: 2F 1-1: Foul Ball, location: 2F 1-2: Foul Ball, location: 2F 1-2: Ball 2-2: Ground out 6-3 (Groundball, 6S)
|
Batting: LHB Willis Baker
|
0-0: Ball 1-0: Ball 2-0: Ball 3-0: Base on Balls
|
Batting: RHB Anthony Johnston
|
0-0: Ball 1-0: Ball 2-0: Foul Ball, location: 2F 2-1: Foul Ball, location: 2F 2-2: Fielders Choice at 2nd, 5-4 (Groundball, 56)
|
Bottom of the 4th over - 0 runs, 0 hits, 0 errors, 1 left on base; Thunder Bay 1 - Rocky Mountain 0 |
TOP OF THE 5TH |
Thunder Bay Northern Lions BC batting - Pitching for Rocky Mountain Nuggets : RHP Nathaniel Riley
|
Batting: RHB Sean Davis
|
0-0: Called Strike 0-1: Ball 1-1: Called Strike 1-2: Strikes out swinging
|
Batting: RHB Jesús Orozco
|
0-0: Called Strike 0-1: Swinging Strike 0-2: Ball 1-2: Ball 2-2: Ball 3-2: SINGLE (Line Drive, 9S)
|
Batting: RHB António Mendoza
|
0-0: Called Strike 0-1: Fly out, F3 (Line Drive, 3S)
|
Now at 1B: Manuel Becerra
|
|
Batting: RHB Xavier Pérez
|
0-0: 2-RUN HOME RUN (Flyball, 7D), Distance : 378 ft
|
Batting: RHB Denis Higgins
|
0-0: Called Strike 0-1: Ball 1-1: Foul Ball, location: 2F 1-2: Strikes out swinging
|
Top of the 5th over - 2 runs, 2 hits, 0 errors, 0 left on base; Thunder Bay 3 - Rocky Mountain 0 |
BOTTOM OF THE 5TH |
Rocky Mountain Nuggets batting - Pitching for Thunder Bay Northern Lions BC : RHP Tyler MacHugh
|
Batting: RHB Luis Ríos
|
0-0: Ball 1-0: Foul Ball, location: 2F 1-1: Foul Ball, location: 2F 1-2: Ball 2-2: Foul Ball, location: 2F 2-2: Ground out 5-3 (Groundball, 56)
|
Batting: LHB Roberto Salazar
|
0-0: Ball 1-0: Ball 2-0: Ball 3-0: Called Strike 3-1: Foul Ball, location: 2F 3-2: Foul Ball, location: 2F 3-2: Base on Balls
|
Batting: RHB Andrés Rodríguez
|
0-0: Ball Pickoff Throw to First - Out! 1-0: Foul Ball, location: 2F 1-1: Swinging Strike 1-2: Strikes out swinging
|
Bottom of the 5th over - 0 runs, 0 hits, 0 errors, 0 left on base; Thunder Bay 3 - Rocky Mountain 0 |
TOP OF THE 6TH |
Thunder Bay Northern Lions BC batting - Pitching for Rocky Mountain Nuggets : RHP Nathaniel Riley
|
Batting: SHB Carlos Rodríguez
|
0-0: Called Strike 0-1: Ground out 4-3 (Groundball, 4)
|
Batting: RHB Carlos Padilla
|
0-0: Ball 1-0: Fly out, F9 (Flyball, 9)
|
Batting: RHB Keith Fish
|
0-0: Called Strike 0-1: Fly out, F9 (Line Drive, 9S)
|
Top of the 6th over - 0 runs, 0 hits, 0 errors, 0 left on base; Thunder Bay 3 - Rocky Mountain 0 |
BOTTOM OF THE 6TH |
Rocky Mountain Nuggets batting - Pitching for Thunder Bay Northern Lions BC : RHP Tyler MacHugh
|
Batting: RHB Manuel Becerra
|
0-0: Ball 1-0: Ball 2-0: Foul Ball, location: 2F 2-1: Called Strike 2-2: Ball 3-2: Foul Ball, location: 2F 3-2: Strikes out swinging
|
Batting: RHB Ludwig Kluge
|
0-0: Ground out 5-3 (Groundball, 56)
|
Batting: RHB Wes Shannon
|
0-0: SOLO HOME RUN (Line Drive, 7D), Distance : 369 ft
|
Batting: RHB Travis Newsome
|
0-0: Called Strike 0-1: Ball 1-1: Foul Ball, location: 2F 1-2: Strikes out looking
|
Bottom of the 6th over - 1 run, 1 hit, 0 errors, 0 left on base; Thunder Bay 3 - Rocky Mountain 1 |
TOP OF THE 7TH |
Thunder Bay Northern Lions BC batting - Pitching for Rocky Mountain Nuggets : RHP Nathaniel Riley
|
Batting: RHB Gabriel Rodríguez
|
0-0: Ball 1-0: Foul Ball, location: 2F 1-1: Foul Ball, location: 2F 1-2: Strikes out looking
|
Batting: RHB Sean Davis
|
0-0: Ball 1-0: Ball 2-0: Ball 3-0: Called Strike 3-1: Called Strike 3-2: SINGLE (Groundball, 34D)
|
Batting: RHB Jesús Orozco
|
0-0: Called Strike 0-1: Foul Ball, location: 2F 0-2: Foul Ball, location: 2F 0-2: Ball Balk! Sean Davis to second 1-2: Ball 2-2: Fly out, F2 (Popup, 23F)
|
Pitching: RHP Carlos Trevino
|
|
Batting: RHB António Mendoza
|
0-0: Foul Ball, location: 2F 0-1: Foul Ball, location: 2F 0-2: Ball 1-2: Ball 2-2: Foul Ball, location: 2F 2-2: Foul Ball, location: 2F 2-2: Ball 3-2: Ground out U3 (Groundball, 3L)
|
Top of the 7th over - 0 runs, 1 hit, 0 errors, 1 left on base; Thunder Bay 3 - Rocky Mountain 1 |
BOTTOM OF THE 7TH |
Rocky Mountain Nuggets batting - Pitching for Thunder Bay Northern Lions BC : RHP Tyler MacHugh
|
Batting: LHB Willis Baker
|
0-0: Ball 1-0: Swinging Strike 1-1: Ball 2-1: Ball 3-1: Swinging Strike 3-2: Base on Balls
|
Batting: RHB Anthony Johnston
|
0-0: Ball 1-0: Swinging Strike 1-1: Ball 2-1: Bunted foul 2-2: DOUBLE (Line Drive, 8RXD) Willis Baker to third
|
Pitching: RHP Stewart Fleming
|
|
Batting: RHB Luis Ríos
|
0-0: Ball 1-0: Swinging Strike 1-1: Ground out 6-3 (Groundball, 6)
|
Batting: LHB Roberto Salazar
|
0-0: Ball 1-0: Foul Ball, location: 2F 1-1: Ball 2-1: Ground out 4-3 (Groundball, 4)
|
Batting: RHB Andrés Rodríguez
|
0-0: Called Strike 0-1: Foul Ball, location: 2F 0-2: Fly out, F8 (Flyball, 8RS)
|
Bottom of the 7th over - 0 runs, 1 hit, 0 errors, 2 left on base; Thunder Bay 3 - Rocky Mountain 1 |
TOP OF THE 8TH |
Thunder Bay Northern Lions BC batting - Pitching for Rocky Mountain Nuggets : RHP Carlos Trevino
|
Batting: RHB Xavier Pérez
|
0-0: Called Strike 0-1: Foul Ball, location: 2F 0-2: Foul Ball, location: 2F 0-2: Ball 1-2: Ball 2-2: Ball 3-2: SINGLE (Line Drive, 6MD)
|
Batting: RHB Denis Higgins
|
0-0: Called Strike 0-1: Ball 1-1: Called Strike 1-2: SINGLE (Line Drive, 7S) Xavier Pérez to second
|
Batting: SHB Carlos Rodríguez
|
0-0: Ball 1-0: Ball 2-0: Foul Ball, location: 2F 2-1: Ball 3-1: Base on Balls Xavier Pérez to third Denis Higgins to second
|
Batting: RHB Carlos Padilla
|
0-0: Called Strike 0-1: Ball 1-1: Ball 2-1: Foul Ball, location: 2F 2-2: Ball 3-2: Strikes out swinging
|
Pitching: RHP Jackson Haines
|
|
Batting: RHB Keith Fish
|
0-0: Grounds into fielders choice 3-2 (Groundball, 34S) Denis Higgins to third Carlos Rodríguez to second
|
Batting: RHB Gabriel Rodríguez
|
0-0: Ball 1-0: Ball 2-0: Called Strike 2-1: Foul Ball, location: 2F 2-2: Foul Ball, location: 2F 2-2: Ball Passed Ball! Denis Higgins scores Carlos Rodríguez to third Keith Fish to second 3-2: 3-RUN HOME RUN (Flyball, 78XD), Distance : 418 ft
|
Batting: RHB Sean Davis
|
0-0: Ball 1-0: Called Strike 1-1: Ground out 4-3 (Groundball, 34)
|
Top of the 8th over - 4 runs, 3 hits, 0 errors, 0 left on base; Thunder Bay 7 - Rocky Mountain 1 |
BOTTOM OF THE 8TH |
Rocky Mountain Nuggets batting - Pitching for Thunder Bay Northern Lions BC : RHP Stewart Fleming
|
Batting: RHB Manuel Becerra
|
0-0: Ball 1-0: Ball 2-0: Called Strike 2-1: Ball 3-1: Fly out, F7 (Flyball, 78D)
|
Batting: RHB Ludwig Kluge
|
0-0: SINGLE (Groundball, 6MD)
|
Batting: RHB Wes Shannon
|
0-0: Fly out, F9 (Flyball, 9)
|
Batting: RHB Travis Newsome
|
0-0: Fly out, F6 (Line Drive, 6M)
|
Bottom of the 8th over - 0 runs, 1 hit, 0 errors, 1 left on base; Thunder Bay 7 - Rocky Mountain 1 |
TOP OF THE 9TH |
Thunder Bay Northern Lions BC batting - Pitching for Rocky Mountain Nuggets : RHP Jackson Haines
|
Pitching: RHP Jorge Garza
|
|
Batting: RHB Jesús Orozco
|
0-0: Ground out 4-3 (Groundball, 4S)
|
Batting: RHB António Mendoza
|
0-0: Ball 1-0: Called Strike 1-1: Ball 2-1: Ball 3-1: Fly out, F4 (Popup, 4S)
|
Batting: RHB Xavier Pérez
|
0-0: Foul Ball, location: 2F 0-1: Ball 1-1: Ground out 5-3 (Groundball, 5S)
|
Top of the 9th over - 0 runs, 0 hits, 0 errors, 0 left on base; Thunder Bay 7 - Rocky Mountain 1 |
BOTTOM OF THE 9TH |
Rocky Mountain Nuggets batting - Pitching for Thunder Bay Northern Lions BC : RHP Stewart Fleming
|
Now in CF: Rafael Pueblo
|
|
Batting: LHB Willis Baker
|
0-0: Ball 1-0: Ball 2-0: Foul Ball, location: 2F 2-1: Foul Ball, location: 2F 2-2: Ball 3-2: Base on Balls
|
Batting: RHB Anthony Johnston
|
0-0: Foul Ball, location: 2F 0-1: Ball 1-1: Grounds into double play, 4-6-3 (Groundball, 34)
|
Batting: RHB Luis Ríos
|
0-0: Called Strike 0-1: Called Strike 0-2: Ground out 6-3 (Groundball, 6)
|
Bottom of the 9th over - 0 runs, 0 hits, 0 errors, 0 left on base; Thunder Bay 7 - Rocky Mountain 1 |
|